 Dungeon Crawl Stone Soup version 0.30.1-3-gfc49f6343a (webtiles) character file.

Game seed: 3692953967226520902

124 cdecastro the Magician (level 5, -6/39 HPs)
             Began as a Djinni Fire Elementalist on July 19, 2023.
             Mangled by a gnoll
             ... wielding a +0 whip
              (10 damage)
             ... on level 2 of the Dungeon.
             The game lasted 00:03:56 (2497 turns).

cdecastro the Magician (Djinni Fire Elementalist)   Turns: 2497, Time: 00:03:56

Health: -6/39      AC:  2    Str:  7    XL:     5   Next: 30%
Gold:   103        EV: 12    Int: 18    God:
                   SH:  0    Dex: 14

rFire   + . .        q - +0 whip (venom)
rCold   . . .        (no shield)
rNeg    . . .        a - +0 robe
rPois   ∞            (no helmet)
rElec   .            (no cloak)
rCorr   .            (no gloves)
SInv    .            (boots unavailable)
Will    .....        (no amulet)
Stlth   ++           i - ring of ice
HPRegen 0.26/turn    (no ring)
MPRegen 0.00/turn

%: infuse magic (-7 HP)
@: flying
A: sickness immunity, fire resistance 2, cold vulnerability 1, float, innate
caster, HP casting, extra vitality 1
a: no special abilities


You were on level 2 of the Dungeon.
You visited 1 branch of the dungeon, and saw 3 of its levels.

You collected 103 gold pieces.

Inventory:

Hand Weapons
 d - a +0 dagger
 q - a +0 whip of venom (weapon)
Missiles
 n - 8 atropa-tipped darts
Armour
 a - a +0 robe (worn)
 f - a +0 helmet
Jewellery
 i - a ring of ice (left hand)
 m - a ring of fire
Scrolls
 b - 2 scrolls of fear {unknown}
 c - 5 scrolls of identify {unknown}
 g - 2 scrolls of vulnerability {unknown}
 h - a scroll of enchant weapon {unknown}
 j - a scroll of torment {unknown}
 o - a scroll of enchant armour {unknown}
 p - a scroll of silence {unknown}
Potions
 e - a potion of might {unknown}
 k - a potion of haste {unknown}
 l - 4 potions of curing {unknown}


   Skills:
 + Level 2.4 Fighting
 - Level 2.1 Dodging
 - Level 1.5 Stealth
 * Level 3.8 Spellcasting


You knew the following spells:

 Your Spells              Type           Power      Damage    Failure   Level
a - Foxfire               Conj/Fire      68%        2x1d7     3%          1
b - Scorch                Fire           34%        2d6       4%          2
c - Volatile Blastmotes   Fire/Tloc      34%        2d12      10%         3
d - Inner Flame           Hex/Fire       17%        N/A       10%         3
e - Flame Wave            Conj/Fire      17%        2d7       30%         4
f - Beastly Appendage     Tmut           34%        N/A       3%          1
g - Poisonous Vapours     Pois/Air       34%        N/A       4%          2
Your spell library was empty.

Dungeon Overview and Level Annotations

Branches:
Dungeon (3/15)

Altars:
Xom


Innate Abilities, Weirdness & Mutations

You are immune to sickness and miasma.
You are immune to poison.
Your flesh is very heat resistant. (rF++)
You are vulnerable to cold. (rC-)
You float through the air rather than walking.
You learn spells naturally, not from books.
Your magical power is your life essence.
You have superior vitality. (+4 MHP)


Message History

A gnoll comes into view. It is wielding a +1 whip of draining.
Casting: Foxfire (safe; 3% risk of failure)
Press: ? - help, Q - select action, (/) - cycle Dir - look around, f - activate You conjure some foxfire!
The gnoll shouts!
Unknown command.
Casting: Foxfire (safe; 3% risk of failure)
Confirm with . or Enter, or press ? or * to list all spells.
Aiming: Poisonous Vapours (safe; 4% risk of failure)
Press: ? - help, Dir - move target, f - gnoll
Aim: a gnoll, wielding a +0 whip (ally target) Poisonous vapours surround the gnoll!
The gnoll is poisoned.
The foxfire hits the gnoll.
The gnoll is heavily wounded.
The foxfire hits the gnoll.
The gnoll is severely wounded.
The gnoll hits you with a +0 whip! The gnoll attacks as you move away!
The gnoll hits you with a +0 whip!
* * * LOW HITPOINT WARNING * * *
The gnoll attacks as you move away! The gnoll closely misses you.
There is a stone staircase leading up here.
The gnoll barely misses you.
You fly upwards.
There is a stone staircase leading down here.
Unknown command.
Casting: Poisonous Vapours (safe; 4% risk of failure)
Confirm with . or Enter, or press ? or * to list all spells.
Aiming: Poisonous Vapours (safe; 4% risk of failure)
Press: ? - help, Dir - move target, f - gnoll
Aim: a gnoll, wielding a +0 whip (severely wounded, poisoned) Poisonous vapours surround the gnoll!
The gnoll looks even sicker.
* * * LOW HITPOINT WARNING * * *
The gnoll hits you with a +0 whip!
* * * LOW HITPOINT WARNING * * *
Casting: Foxfire (safe; 3% risk of failure)
Press: ? - help, Q - select action, (/) - cycle Dir - look around, f - activate You conjure some foxfire!
* * * LOW HITPOINT WARNING * * *
The gnoll hits you with a +0 whip!
You die...

########.#.###.#########
#.#.###..........
#.#.....#########
#.......# #######.#
#.##### #.#...# ## #####
############ #.#...####.
....#
#.....v@...###..........
###.#
#.#...gv.#..........≈##.
#.#
#.#.###...)###......~#)~
# #.#
#.#.###...###.........~.
# #.#
#.#.....).##.........~~~
# #.#
#.#..##..####...###.≈...
# #.# #.#......# ##.##
##.~.♣ ###.# #........#
#.# #≈.≈. ....#
####.##### #.# ##.≈..


You could see a gnoll (very poisoned, ally target).

Vanquished Creatures
  Jessica (D:2)
  A gnoll (D:3)
  3 adders (D:2)
  A worm (D:2)
  2 dart slugs (D:1)
  An endoplasm (D:2)
  5 giant cockroaches
  10 goblins
  4 hobgoblins
  5 jackals (D:1)
  3 quokkas
  6 ball pythons
  4 bats
  2 frilled lizards (D:1)
  2 kobolds (D:1)
50 creatures vanquished.

Vanquished Creatures (others)
  227 foxfires
227 creatures vanquished.

Grand Total: 277 creatures vanquished

Notes
Turn   | Place    | Note
-------+----------+-------------------------------------------
     0 | D:1      | cdecastro the Djinni Fire Elementalist began the quest for
                  | the Orb.
     0 | D:1      | cdecastro set off with the following spells memorised:
                  | Foxfire, Scorch, Volatile Blastmotes, Inner Flame, Flame
                  | Wave.
     0 | D:1      | Reached XP level 1. HP: 15/15 MP: 0/0
   250 | D:1      | Reached XP level 2. HP: 21/22 MP: 0/0
   360 | D:1      | Reached skill level 1 in Fighting
   532 | D:1      | Reached XP level 3. HP: 17/27 MP: 0/0
   532 | D:1      | Learned a level 1 spell: Beastly Appendage
   589 | D:1      | Reached skill level 3 in Spellcasting
  1429 | D:2      | Reached XP level 4. HP: 19/33 MP: 0/0
  1486 | D:2      | Identified the +13 chain mail of Ifelem {Slay+2 Stlth+}
  1500 | D:2      | Found a shimmering altar of Xom.
  1925 | D:2      | Noticed Jessica
  1927 | D:2      | Killed Jessica
  1930 | D:2      | Reached XP level 5. HP: 32/38 MP: 0/0
  1930 | D:2      | Learned a level 2 spell: Poisonous Vapours
  2497 | D:2      | Mangled by a gnoll

Illustrated notes

Levels and vault maps discovered:
D:1:      ncdulo_smallfort, layout_loops_corners, kennysheep_crisscross
D:2:      layout_loops_corners, basic_altar, chequers_serial_rivers_marsh,
          uniq_jessica
D:3:      layout_basic, dk_noncrumbling_2, hex_intersection

Skill      XL: |  1  2  3  4 |
---------------+-------------+-----
Fighting       | 1 2 |  2.4
Spellcasting   | 3 |  3.8
Dodging        | |  2.1
Stealth        | |  1.5

Action                     |  1- 3 |  4- 6 || total
---------------------------+-------+-------++-------
   Cast: Foxfire           |   100 |    29 ||   129
         Poisonous Vapours |       |    16 ||    16
 Armour: Robe              |     6 |     1 ||     7
  Dodge: Dodged            |    21 |     8 ||    29
